 Dungeon Crawl Stone Soup version 0.16.2-12-gd0ad4c3 (webtiles) character file.

38 faibistes the Magician (level 3, -5/19 HPs)
             Began as a Deep Elf Wizard on Jan 21, 2018.
             Slain by an orc
             ... wielding a +0 trident
              (6 damage)
             ... on level 2 of the Dungeon.
             The game lasted 00:05:04 (1807 turns).

faibistes the Magician (Deep Elf Wizard)            Turns: 1807, Time: 00:05:04

Health: -5/19      AC:  2    Str:  9    XL:     3   Next: 25%
Magic:  14/14      EV: 13    Int: 23    God:
Gold:   18         SH:  0    Dex: 16    Spells: 5 memorised, 1 level left

rFire  . . .     SeeInvis .     f - +0 dagger
rCold  . . .     Clarity  .     a - +0 robe
rNeg   . . .     SustAb   .     (no shield)
rPois  .         Gourm    .     b - +0 hat
rElec  .         Spirit   .     (no cloak)
rCorr  .         Warding  .     (no gloves)
rMut   .         Stasis   .     (no boots)
MR     .....                    (no amulet)
Stlth  ++........               (no ring)
                                p - +3 ring of dexterity

@: mighty, not resistant to hostile enchantments, unstealthy
A: no striking features
a: no special abilities


You were on level 2 of the Dungeon.
You were not hungry.

You visited 1 branch of the dungeon, and saw 3 of its levels.

You collected 18 gold pieces.

Inventory:

Hand weapons
 f - a +0 dagger (weapon)
Armour
 a - a +0 robe (worn)
 b - a +0 hat (worn)
Jewellery
 i - an uncursed ring of fire
 p - a +3 ring of dexterity (left hand)
Magical devices
 h - a wand of slowing (36)
Scrolls
 l - a scroll of identify {unknown}
 m - a scroll of fog {unknown}
 n - a scroll of remove curse {unknown}
Potions
 e - a potion of might
Books
 c - a book of Minor Magic

   Spells                             Type                      Level
   a - Magic Dart                     Conjuration                  1
   b - Blink                          Translocation                2
   c - Call Imp                       Summoning                    2
   d - Repel Missiles                 Charms/Air                   2
   e - Slow                           Hexes                        2
   f - Conjure Flame                  Conjuration/Fire             3
   g - Mephitic Cloud                 Conjuration/Poison/Air       3
Comestibles
 d - a bread ration
 g - a meat ration
 j - 3 beef jerkies
 o - 3 fruits


   Skills:
 + Level 2.8 Dodging
 - Level 2.4 Stealth
 * Level 5.0 Spellcasting
 * Level 2.5 Conjurations
 - Level 1.1 Summonings
 - Level 1.1 Translocations


You had one spell level left.
You knew the following spells:

 Your Spells              Type           Power        Failure   Level  Hunger
a - Magic Dart            Conj           ###.         3%          1    None
b - Conjure Flame         Conj/Fire      ##......     17%         3    ##.....
c - Call Imp              Summ           ##......     12%         2    None
d - Blink                 Tloc           N/A          12%         2    None
e - Mephitic Cloud        Conj/Pois/Air  #.......     21%         3    ##.....


Dungeon Overview and Level Annotations

Branches:
Dungeon (3/15)

Altars:
Ashenzari

Annotations:
D:3 Sigmund


Message History

The orc barely misses you.
You climb upwards.
There is a stone staircase leading down here.
You're too confused to cast spells.
Drop what? 16/52 slots (_ for help) (? for menu, Esc to quit)
Okay, then.
Drink which item? (? for menu, Esc to quit)
It was a potion of heal wounds.
You feel much better. The orc misses you. The hobgoblin hits you.
Drink which item? (? for menu, Esc to quit)
You feel very mighty all of a sudden. The orc misses you.
The hobgoblin closely misses you. The orc hits you with a trident!
The hobgoblin hits you.
* * * LOW HITPOINT WARNING * * *
The hobgoblin hits you.
* * * LOW HITPOINT WARNING * * *
The orc closely misses you.
You feel less confused. The orc hits you with a trident.
You die...

.# ... ###. ..# #... #.#
### ..# #.# (...##.# #.#
#.....## #.###########
####...###......>....##
.##...#.........go.....##
.##.######......@.......#
......####..............#
... #.#.................#
.####.#.#.........รท.....#
........#...............#
.......................##
.#.......<..............#
........................#
########.....#..........#


You could see an orc and a hobgoblin.

Vanquished Creatures
  An adder (D:1)
  An ooze (D:1)
  A ball python (D:2)
  3 goblins (D:1)
  5 hobgoblins
  5 kobolds (D:1)
  3 bats
  A giant cockroach (D:1)
  A giant gecko (D:1)
  7 giant newts
  3 rats
31 creatures vanquished.

Notes
Turn   | Place    | Note
--------------------------------------------------------------
     0 | D:1      | faibistes, the Deep Elf Wizard, began the quest for the Orb.
     0 | D:1      | Reached XP level 1. HP: 10/10 MP: 6/6
    91 | D:3      | Noticed Sigmund
   515 | D:1      | Found a shattered altar of Ashenzari.
   567 | D:1      | Reached XP level 2. HP: 15/15 MP: 4/9
   589 | D:1      | Learned a level 2 spell: Blink
   592 | D:1      | Learned a level 2 spell: Call Imp
  1214 | D:1      | Reached XP level 3. HP: 19/19 MP: 7/13
  1222 | D:1      | Learned a level 3 spell: Conjure Flame
  1226 | D:1      | Learned a level 3 spell: Mephitic Cloud
  1423 | D:1      | Reached skill level 5 in Spellcasting
  1656 | D:3      | Noticed an orc wizard
  1807 | D:2      | Slain by an orc

Action                   || total
-------------------------++-------
Melee: Dagger            ||     2
 Cast: Magic Dart        ||    67
       Mephitic Cloud    ||     1
  Use: Potion            ||     2
 Stab: Sleeping          ||     1
  Eat: Chunk             ||     3
